 Dungeon Crawl Stone Soup version 0.18.1-6-gd335043 (webtiles) character file.

6 M4edhros the Grave Robber (level 1, 0/11 HPs)
             Began as an Octopode Necromancer on May 18, 2016.
             Slain by a kobold (3 damage)
             ... on level 1 of the Dungeon.
             The game lasted 00:00:38 (104 turns).

M4edhros the Grave Robber (Octopode Necromancer)     Turns: 104, Time: 00:00:39

Health: 0/11       AC:  1    Str:  7    XL:     1   Next: 90%
Magic:  1/3        EV: 12    Int: 17    God:
Gold:   15         SH:  0    Dex: 12    Spells: 2 memorised, 2 levels left

rFire  . . .     SeeInvis .       - Unarmed
rCold  . . .     Gourm    .     (no shield)
rNeg   . . .     Faith    .     (helmet restricted)
rPois  .         Spirit   .     (no amulet)
rElec  .         Dismiss  .     (no ring)
rCorr  .         Reflect  .     (no ring)
SustAt .         Harm     .     (no ring)
MR     .....                    (no ring)
Stlth  +++.......               (no ring)
                                (no ring)
                                (no ring)
                                (no ring)

@: not resistant to hostile enchantments, fairly stealthy
A: almost no armour, amphibious, 8 rings, constrict 8, camouflage 1, gelatinous
body 1
a: no special abilities


You were on level 1 of the Dungeon.
You were not hungry.

You visited 1 branch of the dungeon, and saw 1 of its levels.

You collected 15 gold pieces.

Inventory:

Hand Weapons
 c - a +0 hunting sling
Books
 a - a book of Necromancy

   Spells                             Type                      Level
   a - Pain                           Necromancy                   1
   b - Animate Skeleton               Necromancy                   1
   c - Vampiric Draining              Necromancy                   3
   d - Regeneration                   Charms/Necromancy            3
   e - Animate Dead                   Necromancy                   4
   f - Control Undead                 Necromancy                   4
Comestibles
 b - a bread ration
 d - 3 chunks of flesh


   Skills:
 - Level 2.0 Dodging
 - Level 2.6 Stealth
 + Level 1.4 Unarmed Combat
 - Level 2.0 Spellcasting
 - Level 4.0 Necromancy


You had 2 spell levels left.
You knew the following spells:

 Your Spells              Type           Power        Failure   Level  Hunger
a - Pain                  Necr           ###.         3%          1    #......
b - Animate Skeleton      Necr           N/A          3%          1    #......


Dungeon Overview and Level Annotations

Branches:
Dungeon (1/15)

Altars:


Innate Abilities, Weirdness & Mutations

You cannot wear most types of armour.
You are amphibious.
You can wear up to eight rings at the same time.
You can use your tentacles to constrict eight enemies at once.
Your skin changes colour to match your surroundings (Stealth).
Your rubbery body absorbs attacks (AC +1).


Message History

The kobold closely misses you.
You barely miss the kobold. Your grab misses the kobold.
The kobold is moderately wounded.
The bat barely misses you.
The bat barely misses your goblin skeleton.
The kobold closely misses you.
Your goblin skeleton barely misses the bat.
You tentacle-slap the bat. Your grab misses the bat.
The bat is severely wounded.
The bat hits you but does no damage. The bat misses you.
The kobold barely misses you.
You miss the kobold. You grab the kobold.
The kobold is moderately wounded.
You constrict the kobold. The bat hits you.
* * * LOW HITPOINT WARNING * * *
The bat hits you but does no damage.
Your goblin skeleton hits the bat with a club.
The bat dies!
The kobold hits you.
You die...

#. #. #.### . #...######
## .. ........ .g. #.##
#..##.######.#.#
##...##...#.#@†......##
.............ZK.......$
..#....#.#.#...#.!....
######.#.#.#.###....#..#
.......)#.#.# #........
#.#...#.###.#.# #..#....
.#.#.....#...#..
......... .#.#...#
#.##### #........
.#.#...# #.# #.?#....


You could see a kobold and a friendly goblin skeleton.

Vanquished Creatures
  A goblin (D:1)
  A hobgoblin (D:1)
  A bat (D:1)
  A giant newt (D:1)
  2 kobolds (D:1)
6 creatures vanquished.

Vanquished Creatures (collateral kills)
  A bat (D:1)
1 creature vanquished.

Grand Total: 7 creatures vanquished

Notes
Turn   | Place    | Note
--------------------------------------------------------------
     0 | D:1      | M4edhros the Octopode Necromancer began the quest for the Orb.
     0 | D:1      | Reached XP level 1. HP: 11/11 MP: 3/3
    54 | D:1      | Reached skill level 1 in Unarmed Combat
    93 | D:1      | Learned a level 1 spell: Animate Skeleton
   104 | D:1      | Slain by a kobold

Skill      XL: |  1 |
---------------+----+-----
Unarmed Combat | 1 |  1.4
Dodging        | |  2.0
Stealth        | |  2.6
Spellcasting   | |  2.0
Necromancy     | |  4.0

Action                   || total
-------------------------++-------
Melee: Unarmed           ||    21
       Constrict         ||     5
       Tentacles         ||     1
 Cast: Pain              ||     2
       Animate Skeleton  ||     1
 Stab: Sleeping          ||     3
Armor: Skin              ||     4
Dodge: Dodged            ||    16
